 Dungeon Crawl Stone Soup version 0.21-a0-110-g8e1637b (webtiles) character file.

14996 GordonOverkill the Markscentaur (level 11, 0/101 HPs)
             Began as a Centaur Arcane Marksman on July 9, 2017.
             Was a High Priest of Okawaru.
             Slain by a vampire mage (3 damage)
             ... on level 12 of the Dungeon.
             The game lasted 00:32:59 (16944 turns).

GordonOverkill the Markscentaur (CeAM)             Turns: 16944, Time: 00:33:00

Health: 0/101      AC: 19    Str: 15    XL:     11   Next: 96%
Magic:  14/14      EV:  4    Int: 14    God:    Okawaru [*****.]
Gold:   1029       SH:  0    Dex: 11    Spells: 5/12 levels left

rFire    . . .     SeeInvis .   b - +0 halberd (venom)
rCold    . . .     Gourm    .   (shield currently unavailable)
rNeg     . . .     Faith    .   t - +5 chain mail of Distant Worlds {+Blink Regen+ Int+2}
rPois    .         Spirit   .   L - +0 helmet
rElec    .         Reflect  .   (no cloak)
rCorr    .         Harm     .   h - +0 pair of gloves
MR       .....                  (no barding)
Stlth    ..........             l - amulet of rage
HPRegen  0.66/turn              M - +5 ring of protection
MPRegen  0.14/turn              (no ring)

@: slowed
A: hooves 3, deformed body, speed 2, tough skin 3
a: Heroism, Finesse, Renounce Religion, Evoke Blink, Evoke Berserk Rage


You were on level 12 of the Dungeon.
You worshipped Okawaru.
Okawaru was extremely pleased with you.
You were not hungry.

You visited 1 branch of the dungeon, and saw 12 of its levels.
You also visited: Sewer and Ossuary.

You collected 1029 gold pieces.

Inventory:

Hand Weapons
 a - a +1 shortbow of venom
 b - a +0 halberd of venom (weapon)
Missiles
 d - 224 arrows
Armour
 h - a +0 pair of gloves (worn)
 t - the +5 chain mail of Distant Worlds (worn) {+Blink Regen+ Int+2}
   (You found it on level 7 of the Dungeon)

   It affects your intelligence (+2).
   It lets you blink.
   It increases your rate of regeneration.
 L - a +0 helmet (worn)
Jewellery
 e - an uncursed ring of ice
 l - an amulet of rage (around neck)
 M - a +5 ring of protection (left hand)
Wands
 q - a wand of flame (15/48)
 v - a wand of polymorph (13/24)
 y - a wand of lightning (6/15)
 D - a wand of disintegration (3/24)
 T - a wand of polymorph (14/24)
Scrolls
 g - 2 scrolls of fog
 i - 4 scrolls of magic mapping
 k - 2 scrolls of blinking
 m - a scroll of enchant weapon
 s - 3 scrolls of remove curse
 x - a scroll of recharging
 B - a scroll of fear
 F - 3 scrolls of amnesia
 K - 4 scrolls of teleportation
Potions
 j - 3 potions of mutation
 n - 2 potions of might
 p - 2 potions of magic {unknown}
 r - 3 potions of berserk rage
 z - 5 potions of curing
 C - 3 potions of heal wounds {unknown}
 E - 3 potions of haste {unknown}
 G - 3 potions of flight
 H - 5 potions of resistance
 I - 4 potions of lignification
 J - 2 potions of agility {unknown}
 O - 2 potions of ambrosia {unknown}
 P - 2 potions of cancellation {unknown}
 R - 3 potions of brilliance {unknown}
Comestibles
 c - 2 chunks of flesh
 f - 10 bread rations
 o - 7 meat rations
 N - 8 royal jellies


   Skills:
 - Level 10.6 Fighting
 * Level 19.0 Bows
 - Level 1.3 Dodging
 - Level 1.0 Spellcasting
 - Level 2.6 Hexes
 + Level 4.2 Invocations


You had 5 spell levels left.
You knew the following spells:

 Your Spells              Type           Power        Failure   Level  Hunger
a - Regeneration          Chrm/Necr      #.........   100%        3    ####...
b - Apportation           Tloc           #.....       100%        1    ##.....
c - Portal Projectile     Hex/Tloc       #.....       100%        3    ####...


Dungeon Overview and Level Annotations

Branches:
Dungeon (12/15)            Temple (0/1) D:7            Lair (0/6) D:8
    Orc (0/2) D:10

Altars:
Ashenzari
Hepliaklqana
Kikubaaqudgha
Nemelex Xobeh
Okawaru
Qazlal
Sif Muna
Uskayaw
Vehumet
The Shining One

Shops:
D:4 }   D:5 (   D:10 ([


Innate Abilities, Weirdness & Mutations

You have hooves in place of feet.
Armour fits poorly on your strangely shaped body.
You cover ground very quickly.
You have extremely tough skin. (AC +3)


Message History

The freezing wraith hits you. The freezing wraith freezes you!!
The freezing wraith hits you! The freezing wraith drains your vigour!
You feel yourself slow down. The wraith hits you.
The wraith drains your vigour!
You feel as though you will be slow longer.
You closely miss something. You kick something.
Something hits you but does no damage. Something bites you!
* * * LOW HITPOINT WARNING * * *
Something draws strength from your injuries!
The wraith completely misses you.
The freezing wraith hits you but does no damage. x2
Something hits you but does no damage. Something bites you but does no damage.
The freezing wraith hits you.
* * * LOW HITPOINT WARNING * * *
The freezing wraith freezes you!
* * * LOW HITPOINT WARNING * * *
The freezing wraith hits you!
* * * LOW HITPOINT WARNING * * *
The wraith hits you but does no damage. Something hits you.
You die...

##### #### ....####..#
....... .####..#..#⌠.##
#....... ......W#..+...#
#....... #.{@.)#⌠..#
#.......
......W#..'...###.......
.####..#.)#⌠............
....####.............
##### #.............
#..####'######
#..#..........
#..+..........
#..#..........


You could see a freezing wraith and a wraith.

Vanquished Creatures
  2 two-headed ogres
  Pikel (D:8)
  An orc knight (D:10)
  A deep elf mage (D:12)
  The ghost of Manul the Cutter, a novice HaAr (D:5)
  2 kobold demonologists (D:12)
  The ghost of afd the Magician, a novice OpFE (D:4)
  A queen bee (D:10)
  A hornet (D:10)
  A hippogriff (D:8)
  11 yaks
  2 wyverns
  4 hungry ghosts
  3 water moccasins
  An acid dragon (D:11)
  Purgy (Sewer)
  2 ice beasts
  3 orc warriors
  A black bear (D:9)
  7 ogres
  3 phantoms
  4 sky beasts
  2 slaves (D:8)
  An eye of draining (D:8)
  5 centaurs
  A crocodile (D:9)
  2 big kobolds
  Blork the orc (D:5)
  10 bullfrogs
  A gnoll sergeant (D:6)
  8 scorpions
  14 wights
  33 killer bees
  2 vampire bats (D:4)
  2 centaur zombies
  2 crimson imps
  5 hounds
  3 jellies
  2 bullfrog skeletons
  4 centaur skeletons
  4 orc priests
  11 orc wizards
  2 iguanas
  4 worker ants
  A killer bee zombie (D:6)
  2 hound zombies
  3 mummies
  12 gnolls
  12 adders
  2 shadow imps
  An ooze (D:2)
  An adder skeleton (D:9)
  5 worms
  A dart slug (D:2)
  4 leopard geckos
  35 orcs
  3 bat skeletons
  2 bat zombies (D:4)
  8 giant cockroaches
  14 goblins
  8 hobgoblins
  4 jackals
  11 kobolds
  6 quokkas
  14 bats
  A frilled lizard (D:1)
  A giant cockroach zombie (D:6)
  2 gnoll skeletons (Ossuary)
  2 gnoll zombies (Ossuary)
  3 goblin skeletons (Ossuary)
  2 goblin zombies
  A hobgoblin skeleton (Ossuary)
  6 hobgoblin zombies
  2 jackal skeletons
  3 kobold skeletons (Ossuary)
  2 kobold zombies (Ossuary)
  3 orc skeletons (Ossuary)
  3 orc zombies (Ossuary)
  A quokka skeleton (D:4)
  11 rats
  2 rat zombies (Ossuary)
367 creatures vanquished.

Vanquished Creatures (others)
  A komodo dragon (D:8)
  Menkaure (Ossuary)
  A sky beast (D:8)
  A mummy (Ossuary)
  An orc (D:6)
  A quokka (D:8)
  A gnoll zombie (Ossuary)
  2 goblin skeletons (Ossuary)
  A goblin zombie (Ossuary)
  A hobgoblin zombie (Ossuary)
  4 kobold skeletons (Ossuary)
  A kobold zombie (Ossuary)
  2 orc skeletons (Ossuary)
  3 orc zombies (Ossuary)
  5 rat skeletons (Ossuary)
  3 rat zombies (Ossuary)
  3 plants (D:8)
32 creatures vanquished.

Grand Total: 399 creatures vanquished

Notes
Turn   | Place    | Note
-------+----------+-------------------------------------------
     0 | D:1      | GordonOverkill the Centaur Arcane Marksman began the quest for the Orb.
     0 | D:1      | Reached XP level 1. HP: 16/16 MP: 2/2
    20 | D:1      | Reached skill level 3 in Bows
   160 | D:1      | Reached XP level 2. HP: 9/23 MP: 3/3
   556 | D:1      | Reached skill level 4 in Bows
   693 | D:1      | Reached XP level 3. HP: 22/29 MP: 4/4
  1186 | D:1      | Found an iron altar of Okawaru.
  1252 | D:1      | Became a worshipper of Warmaster Okawaru
  1917 | D:2      | Found a hazy altar of Hepliaklqana.
  1919 | D:2      | Found a radiant altar of Vehumet.
  2055 | D:2      | Reached XP level 4. HP: 29/37 MP: 5/5
  2373 | D:2      | Found a deep blue altar of Sif Muna.
  2537 | D:2      | Reached skill level 5 in Bows
  3121 | D:3      | Reached XP level 5. HP: 17/45 MP: 6/6
  3434 | D:3      | Reached skill level 6 in Bows
  3874 | D:4      | Found Hoono's Gadget Emporium.
  3892 | D:4      | Reached * piety under Okawaru
  3927 | D:4      | Found an ancient bone altar of Kikubaaqudgha.
  3945 | D:4      | Reached skill level 7 in Bows
  3945 | D:4      | Reached XP level 6. HP: 33/51 MP: 7/7
  4089 | D:4      | Reached skill level 8 in Bows
  4184 | D:4      | Noticed afd's ghost (novice OpFE)
  4274 | D:4      | Found a glowing drain.
  4295 | Sewer    | Entered a sewer
  4529 | Sewer    | Noticed Purgy
  4571 | Sewer    | Killed Purgy
  4571 | Sewer    | Reached ** piety under Okawaru
  4571 | Sewer    | Reached XP level 7. HP: 4/60 MP: 8/8
  5026 | D:4      | Killed afd's ghost
  5026 | D:4      | Reached skill level 9 in Bows
  5307 | D:4      | Reached skill level 5 in Fighting
  5744 | D:5      | Entered Level 5 of the Dungeon
  5744 | D:5      | Found Tonirope's Antique Weapon Shoppe.
  5840 | D:5      | Reached skill level 10 in Bows
  5856 | D:5      | Reached XP level 8. HP: 36/69 MP: 9/9
  5906 | D:5      | Noticed Manul's ghost (novice HaAr)
  5950 | D:5      | Killed Manul's ghost
  5950 | D:5      | Reached skill level 11 in Bows
  6516 | D:5      | Reached *** piety under Okawaru
  6962 | D:5      | Reached skill level 12 in Bows
  7066 | D:5      | Noticed Blork the orc
  7106 | D:6      | HP: 3/71 [poisoned by a gnoll]
  7113 | D:6      | HP: 3/71 [poisoned by a gnoll]
  7121 | D:6      | HP: 3/71 [poisoned by a gnoll]
  7471 | D:6      | Found a sand-covered staircase.
  7481 | Ossuary  | Entered an ossuary
  7734 | Ossuary  | Killed Menkaure
  8423 | D:6      | Reached XP level 9. HP: 23/78 MP: 10/10
  8679 | D:5      | Killed Blork the orc
  9034 | D:6      | Got a faintly glowing chain mail
  9045 | D:6      | Identified the +2 chain mail of Qobecim {+Blink rElec Str+2 Stlth-} (You found it on level 6 of the Dungeon)
  9438 | D:6      | Reached skill level 13 in Bows
  9750 | D:6      | Found a sparkling altar of Nemelex Xobeh.
  9921 | D:6      | Found a stormy altar of Qazlal.
 10584 | D:7      | Found a staircase to the Ecumenical Temple.
 11183 | D:7      | Got a warped chain mail
 11194 | D:7      | Identified the +5 chain mail of Distant Worlds {+Blink Regen+ Int+2} (You found it on level 7 of the Dungeon)
 11243 | D:7      | Reached skill level 14 in Bows
 11388 | D:7      | Found a shattered altar of Ashenzari.
 11424 | D:7      | Found a glowing golden altar of the Shining One.
 11424 | D:7      | Found a hide-covered altar of Uskayaw.
 11464 | D:7      | Received a gift from Okawaru
 11837 | D:8      | Found a staircase to the Lair.
 11839 | D:8      | Noticed a komodo dragon
 11853 | D:8      | Noticed Pikel
 11876 | D:8      | Killed Pikel
 11876 | D:8      | Received a gift from Okawaru
 11876 | D:8      | Reached XP level 10. HP: 90/90 MP: 7/11
 11917 | D:8      | Reached skill level 15 in Bows
 12448 | D:8      | Reached **** piety under Okawaru
 12691 | D:8      | Received a gift from Okawaru
 13118 | D:8      | Reached skill level 16 in Bows
 13674 | D:9      | Learned a level 3 spell: Regeneration
 14351 | D:10     | Entered Level 10 of the Dungeon
 14404 | D:10     | Noticed an orc knight
 14451 | D:10     | Killed an orc knight
 14571 | D:10     | Found Minwelav's Armour Shoppe.
 14571 | D:10     | Found a staircase to the Orcish Mines.
 14571 | D:10     | Found Reummir's Weapon Shoppe.
 14753 | D:10     | Received a gift from Okawaru
 14759 | D:10     | Reached XP level 11. HP: 99/99 MP: 12/12
 14786 | D:10     | Reached skill level 17 in Bows
 14855 | D:10     | Reached skill level 10 in Fighting
 14903 | D:10     | Paralysed by a hornet for 2 turns
 14956 | D:10     | Received a gift from Okawaru
 15001 | D:10     | Noticed a two-headed ogre
 15010 | D:10     | Killed a two-headed ogre
 15072 | D:10     | Received a gift from Okawaru
 15562 | D:10     | Received a gift from Okawaru
 15571 | D:10     | Reached skill level 18 in Bows
 15873 | D:11     | Reached ***** piety under Okawaru
 15902 | D:11     | Learned a level 1 spell: Apportation
 15906 | D:11     | Learned a level 3 spell: Portal Projectile
 15936 | D:11     | Reached skill level 1 in Invocations
 16061 | D:11     | Noticed a two-headed ogre
 16087 | D:11     | Killed a two-headed ogre
 16113 | D:11     | Received a gift from Okawaru
 16765 | D:12     | Noticed a soul eater
 16790 | D:12     | Noticed a soul eater
 16904 | D:12     | Noticed a deep elf mage
 16915 | D:12     | Killed a deep elf mage
 16915 | D:12     | Reached skill level 19 in Bows
 16928 | D:12     | Noticed a vampire mage
 16944 | D:12     | HP: 3/101 [freezing wraith[a vampire mage] (10)]
 16944 | D:12     | Slain by a vampire mage

Vault maps used:
D:1:      dpeg_arrival_subterranean_lakeside_camping, okawaru_ov_weapons_minmay
D:2:      lemuel_blue_sif_altar, grunt_temple_overflow_open
D:3:      corexii_shack
D:4:      kennysheep_vampire_church, serial_shops, shop, portal_sewer_entry_b,
          first_bread
D:5:      serial_shops, shop, uniq_blork_the_orc
D:6:      lemuel_doored_altar, nicolae_ossuary_entry_giza,
          nicolae_qazlal_eye_of_the_storm
D:7:      minitemple, ashenzari_conservatory_becter, temple_green
D:8:      minmay_imperfect_grid, david_lair_shrubbed, uniq_pikel
D:10:     orc_david_3, david_nohive_1
D:12:     evilmike_library_of_no_secrets
Sewer:    sewer_big_baddie
Ossuary:  ossuary_due_pyramid

Skill      XL: |  1  2  3  4  5  6  7  8  9 10 11 |
---------------+----------------------------------+-----
Bows           | 3 4 5 7 8 10 12 14 16 19 | 19.0
Fighting       | 2 3 4 5 6 8 9 10 | 10.6
Invocations    | 4 |  4.2
Dodging        | |  1.3
Spellcasting   | |  1.0
Hexes          | |  2.6

Action                   |  1- 3 |  4- 6 |  7- 9 | 10-12 || total
-------------------------+-------+-------+-------+-------++-------
Melee: Flail             |    53 |       |       |       ||    53
       Club              |    10 |       |       |       ||    10
       Kick              |    21 |    26 |    65 |    10 ||   122
       Spear             |    70 |   139 |   129 |       ||   338
       Halberd           |       |       |   177 |    20 ||   197
 Fire: Shortbow          |    41 |    99 |   227 |   722 ||  1089
       Hunting sling     |       |       |    31 |       ||    31
Invok: Heroism           |       |       |    24 |    14 ||    38
  Use: Scroll            |       |    10 |     9 |     4 ||    23
       Potion            |       |       |     3 |       ||     3
  Eat: Chunk             |     3 |     4 |    12 |    17 ||    36
       Royal jelly       |       |     2 |     1 |       ||     3
       Meat ration       |       |       |     1 |       ||     1
       Fruit             |       |       |       |     1 ||     1
Armor: Robe              |    31 |       |       |       ||    31
       Scale mail        |    18 |   130 |    63 |       ||   211
       Chain mail        |       |       |   130 |   252 ||   382
Dodge: Dodged            |    54 |    88 |    91 |    69 ||   302
